Map: Taito Citadel LE

Players

HoldTheDoor - Winner!

  • Race: Protoss Protoss
  • League: Diamond
  • Spawn Location: 5:00

FENIX

  • Race: Protoss Protoss
  • League: Diamond
  • Spawn Location: 11:00

VOD

Have the link to the VOD?

Description

Time

  • Played on: May 20, 2026, 11:38 a.m.
  • Length: 7:17
Show
View Real Time Build Order
Export as new Build Order

HoldTheDoor Protoss - Winner!

Build Orders:  

Get SALT Encoding   

  12  0:00  Probe  
  13  0:12  Probe  
  14  0:18  Pylon  
  14  0:24  Probe  
  15  0:32  Probe  
  15  0:39  Gateway  
  15  0:40  Probe  
  16  0:48  Assimilator  
  17  0:51  Probe  
  18  0:58  Assimilator  
  18  1:03  Assimilator  
  18  1:10  Probe  
  19  1:18  Gateway  
  19  1:29  Probe  
  20  1:41  Probe  
  20  1:43  Cybernetics Core  
  21  1:53  Pylon, Probe  
  22  1:59  Pylon  
  22  2:05  Probe  
  23  2:13  Warp Gate  
  23  2:17  Probe  
  23  2:18  Stalker x2  
  28  2:31  Robotics Facility  
  28  2:34  Probe  
  29  2:45  Stalker  
  29  2:46  Stalker  
  33  3:07  Probe  
  33  3:11  Gateway  
  34  3:19  Immortal, Probe  
  35  3:20  Shield Battery  
  39  3:36  Pylon  
  39  3:49  Gateway, Immortal  
  39  3:54  Probe  
  44  4:02  Sentry  
  46  4:13  Pylon  
  46  4:16  Pylon  
  46  4:45  Stalker x4  
  54  4:53  Observer  
  55  5:12  Stalker x4  
  61  5:40  Pylon  
  61  5:51  Immortal  
Show
View Real Time Build Order
Export as new Build Order

FENIX Protoss 

Build Orders: 1 Gate Expand 

Get SALT Encoding   

  12  0:00  Probe  
  13  0:12  Probe  
  14  0:17  Pylon  
  14  0:24  Probe  
  15  0:36  Probe  
  15  0:38  Gateway  
  16  0:47  Assimilator  
  16  0:48  Probe  
  17  1:00  Probe  
  18  1:13  Probe  
  19  1:26  Nexus  
  19  1:37  Cybernetics Core  
  19  1:41  Probe  
  20  1:51  Pylon  
  20  1:55  Probe  
  21  2:02  Stalker  
  23  2:16  Warp Gate  
  23  2:27  Robotics Facility  
  23  2:31  Probe  
  24  2:41  Probe  
  24  2:43  Probe  
  27  2:49  Probe  
  27  2:50  Stalker  
  28  2:55  Probe  
  28  2:57  Assimilator  
  30  2:59  Probe  
  31  3:07  Probe  
  31  3:09  Pylon  
  31  3:11  Probe  
  33  3:19  Observer, Probe  
  35  3:21  Probe  
  35  3:27  Assimilator  
  36  3:29  Probe  
  36  3:31  Probe  
  38  3:35  Immortal  
  38  3:38  Probe  
  38  3:43  Probe  
  44  3:50  Probe  
  46  3:55  Probe  
  46  3:58  Twilight Council  
  46  4:02  Probe  
  47  4:06  Stalker  
  47  4:07  Probe  
  50  4:13  Pylon  
  50  4:14  Probe  
  51  4:17  Gateway  
  51  4:19  Probe  
  52  4:26  Probe  
  51  4:32  Probe  
  51  4:38  Probe  
  47  4:39  Stalker  
  47  4:42  Immortal  
  47  4:44  Probe  
  41  4:50  Probe  
  46  5:00  Shield Battery x2  
  46  5:02  Shield Battery  
  39  5:15  Stalker x2  
  36  6:00  Stalker  
Tags
 
Matchup
PvP
Replay Pack
SC2Mai2026
Spawn Locations
Cross Positions
Add a new tag
Caveats
  • Supply blocks, unpowered buildings, or Contaminate may cause inaccurate times.
  • Supply counts are checked every 10 seconds.